 Seeded DCSS version 0.31-a0-544-gceb718ecc6 (webtiles) character file.

Game seed: 3826825538972431165 (custom seed)

1087 innerfire43 the Poker (level 8, -1/61 HPs)
             Began as a Demonspawn Monk on Aug 15, 2023.
             Slain by Eustachio
             ... wielding a +0 rapier
              (6 damage)
             ... on level 4 of the Dungeon.
             The game lasted 00:03:34 (2381 turns).

innerfire43 the Poker (Demonspawn Monk)             Turns: 2381, Time: 00:03:34

Health: -1/61      AC: 13    Str: 13    XL:     8   Next: 9%
Magic:  8/8        EV: 12    Int: 12    God:
Gold:   261        SH:  4    Dex: 16    Spells: 7/7 levels left

rFire   . . .        e - +7 trident of Patience {elec, rPois rCorr}
rCold   + . .        d - orb {light}
rNeg    . . .        h - +0 ring mail
rPois   +            s - +0 helmet
rElec   .            (no cloak)
rCorr   +            (no gloves)
SInv    +            (no boots)
Will    .....        (no amulet)
Stlth   +            q - ring of protection from cold
HPRegen 0.30/turn    u - ring of see invisible
MPRegen 0.22/turn

%: no passive effects
@: glowing
A: hooves 1, molten scales 1, icemail 1, magic regeneration, condensation shield
a: no special abilities


You were on level 4 of the Dungeon.
You visited 1 branch of the dungeon, and saw 4 of its levels.
You also visited: Ossuary.

You collected 261 gold pieces.

Inventory:

Hand Weapons
 a - a +0 spear
 e - the +7 trident of Patience (weapon) {elec, rPois rCorr}
   (You acquired it on level 1 of the Dungeon)

   rPois:     It protects you from poison rCorr: It protects you from acid and
   corrosion.
Armour
 d - an orb of light (worn)
 h - a +0 ring mail (worn)
 s - a +0 helmet (worn)
Jewellery
 q - a ring of protection from cold (left hand)
 u - a ring of see invisible (right hand)
Scrolls
 f - 2 scrolls of vulnerability {unknown}
 g - a scroll of amnesia {unknown}
 i - 2 scrolls of brand weapon {unknown}
 k - 2 scrolls of identify {unknown}
 l - 7 scrolls of noise
 p - a scroll of torment {unknown}
 t - 2 scrolls of enchant armour {unknown}
 w - a scroll of fog {unknown}
 x - a scroll of enchant weapon {unknown}
 y - a scroll of blinking {unknown}
 A - a scroll of fear {unknown}
Potions
 b - 2 potions of might {unknown}
 j - 2 potions of mutation {unknown}
 m - 3 potions of curing {unknown}
 n - 4 potions of brilliance {unknown}
 o - 2 potions of cancellation {unknown}
 r - a potion of enlightenment {unknown}
 v - 2 potions of invisibility {unknown}
 z - a potion of haste {unknown}


   Skills:
 + Level 4.8 Fighting
 * Level 5.7 Polearms
 * Level 4.7 Armour
 + Level 4.3 Dodging


You had 7 spell levels left.
You didn't know any spells.
Your spell library was empty.

Dungeon Overview and Level Annotations

Branches:
Dungeon (4/15)            Ossuary (visited)
 Temple: D:4-7

Altars:

Annotations:
D:4 Eustachio


Innate Abilities, Weirdness & Mutations

You have large cloven feet.
You are partially covered in molten scales. (AC +2)
A meltable icy envelope protects you from harm. (AC +4)
You regenerate magic rapidly.
A meltable shield of frost defends you. (SH +4)


Message History

You hit the lemure. Lightning courses through the lemure!! You kick the lemure.
The lemure is severely wounded.
You feel less invigorated.
You feel less confused. Pikel hits you but does no damage.
The lemure hits you but does no damage.
You barely miss Pikel. You kick Pikel, but do no damage.
Pikel is almost dead.
Pikel hits you with a +2 whip of electrocution.
* * * LOW HITPOINT WARNING * * *
The lemure closely misses you.
Unknown command.
You hit Pikel. You kick Pikel.
Pikel is almost dead.
Pikel hits you but does no damage.
You are electrocuted!
* * * LOW HITPOINT WARNING * * *
The lemure barely misses you.
Unknown command.
You puncture Pikel! Lightning courses through Pikel!!
You kill Pikel!
With Pikel's spell broken, his former minions thank you for their freedom.
The lemure departs this earthly plane. x3
Your Armour skill increases to level 4!
Your Dodging skill increases to level 4!
You have reached level 8!
You feel clever.
Your demonic ancestry asserts itself...
Your magic begins to regenerate rapidly.
Things that are here:
a +2 whip of electrocution; a +0 robe of willpower; the kobold corpse of Pikel You puncture Eustachio!
Lightning courses through Eustachio!
Eustachio is heavily wounded.
Eustachio hits you with a +0 rapier.
* * * LOW HITPOINT WARNING * * *
You hit Eustachio. Your kick misses Eustachio.
Eustachio is severely wounded.
Eustachio barely misses you.
Unknown command.
You puncture Eustachio! Your kick misses Eustachio.
Eustachio is almost dead.
Eustachio hits you with a +0 rapier.
You die...

#...... ..... §.§.. ...
... #.# ##### # #@#
##...##### #.#@#
##..#.....# #
.###...###..###..#.##.#
#...........##.##.......
#####..##..##...##..##.#
#####..#..##.....##..#.#
##...#....#####'#####...#
##.......................#
#.....<................#..
#...........)#.........###


You could see Eustachio.

Vanquished Creatures
  Pikel (D:4)
  Grinder (D:4)
  A centaur (D:4)
  A lemure (D:4)
  2 human zombies (Ossuary)
  An orc priest (D:3)
  Jessica (D:2)
  6 mummies
  Robin (D:2)
  4 adders
  4 gnolls (D:3)
  A worm (D:3)
  A dart slug (D:1)
  5 orcs (D:3)
  8 endoplasms
  3 giant cockroaches (D:1)
  13 goblins
  7 hobgoblins
  2 jackals (D:2)
  4 kobolds
  2 quokkas
  5 ball pythons
  4 bats
  4 frilled lizards
  A goblin zombie (Ossuary)
  3 kobold zombies (Ossuary)
  2 orc zombies (Ossuary)
  6 rats
94 creatures vanquished.

Notes
Turn   | Place    | Note
-------+----------+-------------------------------------------
     0 | D:1      | innerfire43 the Demonspawn Monk began the quest for the
                  | Orb.
     0 | D:1      | Reached XP level 1. HP: 18/18 MP: 1/1
   130 | D:1      | Identified a scroll of acquirement
   130 | D:1      | Acquired the +7 trident of Patience {elec, rPois rCorr}
   159 | D:1      | Gained mutation: A meltable shield of frost defends you.
                  | (SH +4) [demonic ancestry]
   159 | D:1      | Reached XP level 2. HP: 24/24 MP: 2/2
   225 | D:1      | Reached skill level 3 in Polearms
   542 | D:1      | Reached skill level 1 in Armour
   698 | D:2      | Noticed Jessica
   701 | D:2      | Killed Jessica
   702 | D:2      | Gained mutation: You are partially covered in molten
                  | scales. (AC +2) [demonic ancestry]
   702 | D:2      | Reached XP level 3. HP: 29/29 MP: 3/3
   835 | D:2      | Reached XP level 4. HP: 35/35 MP: 4/4
  1105 | D:2      | Noticed Robin
  1133 | D:2      | Killed Robin
  1307 | D:3      | Gained mutation: A meltable icy envelope protects you from
                  | harm. (AC +4) [demonic ancestry]
  1307 | D:3      | Reached XP level 5. HP: 35/41 MP: 5/5
  1485 | D:3      | Reached skill level 4 in Polearms
  2019 | D:4      | Noticed a centaur
  2025 | D:4      | Killed a centaur
  2026 | D:4      | Gained mutation: You have large cloven feet. [demonic
                  | ancestry]
  2026 | D:4      | Reached XP level 6. HP: 32/48 MP: 6/6
  2084 | D:4      | Noticed Grinder
  2088 | D:4      | Killed Grinder
  2092 | D:4      | Found a sand-covered staircase.
  2097 | D:4      | Reached XP level 7. HP: 54/54 MP: 7/7
  2123 | Ossuary  | Entered an ossuary
  2190 | Ossuary  | Reached skill level 5 in Polearms
  2354 | D:4      | Noticed Eustachio
  2355 | D:4      | Noticed Pikel
  2370 | D:4      | HP: 1/55 [lemure[Pikel] (2)]
  2377 | D:4      | Killed Pikel
  2378 | D:4      | Gained mutation: You regenerate magic rapidly. [demonic
                  | ancestry]
  2378 | D:4      | Reached XP level 8. HP: 8/61 MP: 8/8
  2381 | D:4      | Slain by Eustachio

Illustrated notes

Levels and vault maps discovered:
D:1:      roderic_crop_circles_arrival_large, layout_basic
D:2:      layout_basic, minmay_distorted, uniq_robin, uniq_jessica
D:3:      layout_basic, minivault_24, minmay_box_of_dots
D:4:      layout_rooms, nicolae_qazlal_eye_of_the_storm,
          mainiacjoe_overflow_chevrons, minmay_temple_entry_statues_fountains,
          gup_ossuary_entry_pyramid, nicolae_elevator_lobby_asterisk,
          uniq_grinder, uniq_eustachio, uniq_pikel, uniq_duvessa

Skill      XL: |  1  2  3  4  5  6  7 |
---------------+----------------------+-----
Polearms       | 3 4 5 |  5.7
Armour         | 1 2 3 4 |  4.7
Dodging        | 3 4 |  4.3
Fighting       | 4 |  4.8

Action                     |  1- 3 |  4- 6 |  7- 9 || total
---------------------------+-------+-------+-------++-------
  Melee: Spear             |    15 |       |       ||    15
         Trident           |    29 |    97 |    55 ||   181
         Unarmed           |     2 |       |       ||     2
         Kick              |       |       |    18 ||    18
    Use: Scroll            |     1 |       |       ||     1
         Potion            |       |       |     1 ||     1
 Armour: Robe              |     2 |       |       ||     2
         Ring mail         |     3 |    23 |    16 ||    42
  Dodge: Dodged            |    12 |    56 |    14 ||    82
  Block: Orb               |     2 |     9 |     1 ||    12

Table legend: (Time is in decaauts)
 A = Elapsed time spent in this place.
 B = Non-inter-level travel time spent in this place.
 C = Inter-level travel time spent in this place.
 D = Time resting spent in this place.
 E = Time spent auto-exploring this place.
 F = Levels seen in this place.
 G = Mean time per level.
                   A        B        C        D        E       F      G
               +--------+--------+--------+--------+--------+-----+--------+
         Total |   2394 |   2282 |    112 |      0 |   1755 |   5 |  478.8 |
       Dungeon |   2179 |   2067 |    112 |      0 |   1647 |   4 |  544.8 |
       Ossuary |    214 |    214 |      0 |      0 |    108 |   1 |  214.0 |
               +--------+--------+--------+--------+--------+-----+--------+

Top non-repeatable levels by time:
     D:3: 740 daAuts
     D:1: 698 daAuts
     D:2: 591 daAuts
 Ossuary: 214 daAuts
     D:4: 149 daAuts
